 Dungeon Crawl Stone Soup version 0.27.1-3-gb3d3a73c9e (webtiles) character file.

Game seed: 1476056105933929355

117 infcreate the Covered (level 5, -2/33 HPs)
             Began as a Gargoyle Fighter on Oct 6, 2021.
             Splashed by a jelly's acid (8 damage)
             ... on level 4 of the Dungeon.
             The game lasted 00:05:07 (3605 turns).

infcreate the Covered (Gargoyle Fighter)            Turns: 3605, Time: 00:05:08

Health: -2/33      AC: -4    Str: 19    XL:     5   Next: 1%
Magic:  5/5        EV:  7    Int: 10    God:
Gold:   172        SH:  9    Dex:  9    Spells: 4/4 levels left

rFire    . . .     SeeInvis .   a - +0 flail
rCold    . . .     Faith    .   c - +0 kite shield
rNeg     + . .     Spirit   .   b - +0 scale mail
rPois    ∞         Reflect  .   (no helmet)
rElec    +         Harm     .   (no cloak)
rCorr    .         Rampage  .   (no gloves)
Will     .....                  (no boots)
Stlth    ..........             (no amulet)
HPRegen  0.11/turn              (no ring)
MPRegen  0.09/turn              (no ring)

@: corroded
A: sickness immunity, AC +4, negative energy resistance 1, electricity
resistance, torment resistance 1, petrification resistance
a: no special abilities


You were on level 4 of the Dungeon.
You visited 1 branch of the dungeon, and saw 4 of its levels.

You collected 172 gold pieces.


Innate Abilities, Weirdness & Mutations

You are immune to sickness and miasma.
Your stone body is resilient. (AC +4)
You are immune to poison.
You resist negative energy. (rN+)
You are resistant to electric shocks. (rElec)
You are resistant to unholy torment.
You are immune to petrification.


   Skills:
 + Level 4.1 Fighting
 + Level 3.0 Maces & Flails
 + Level 4.1 Armour
 + Level 4.1 Shields


You had 4 spell levels left.
You didn't know any spells.
Your spell library contained the following spells:

 Spells                   Type           Power      Damage    Failure   Level
 Olgreb's Toxic Radiance  Pois           0%         N/A       100%        4
 Ozocubu's Refrigeration  Ice            0%         4d5       100%        7
 Ignition                 Fire           0%         3d3       100%        8

Inventory:

Hand Weapons
 a - a +0 flail (weapon)
Armour
 b - a +0 scale mail (worn)
 c - a +0 kite shield (worn)
Wands
 g - a wand of digging (5)
Scrolls
 e - a scroll of amnesia
 h - 2 scrolls of identify {unknown}
Potions
 d - 2 potions of might
 f - a potion of heal wounds {unknown}
 i - 2 potions of brilliance {unknown}

Dungeon Overview and Level Annotations

Branches:
Dungeon (4/15)
 Temple: D:4-7

Altars:
Ru
Uskayaw
Vehumet

Annotations:
D:4 2 runed translucent doors

.....<..).......###
.................##
................##
...............##
............### ....##
...........# .....#
###...##..##
#....#####.#...##...##
#.....#.......JJ@....#
...............##....##
......................#
......................#
.............#........#
J##.##.....####....#.##
..#.##.[#### ##...###
....##..# #####
J......##


You could see a jelly and an endoplasm.


Message History

Things that are here:
a +0 hand axe; a +0 leather armour; an orc corpse
There is a stone staircase leading down here.
You see here a +0 robe.
You hit the jelly. The acid corrodes you!
Your hands burn!
The jelly is lightly wounded.
The jelly closely misses you. You block the jelly's attack.
You hit the jelly but do no damage.
Your hands burn!
The jelly is lightly wounded.
The jelly hits you but does no damage.
You hit the jelly but do no damage.
Your hands burn!
The jelly is lightly wounded.
The jelly hits you but does no damage. x2
You hit the jelly.
Your hands burn!
The jelly is heavily wounded.
You block the jelly's attack.
You hit the jelly. The acid corrodes you!
Your hands burn!
The jelly is heavily wounded.
You block the jelly's attack. The jelly closely misses you.
Your shield prevents you from hitting the jelly.
The jelly is heavily wounded.
The jelly hits you. The acid corrodes you!
You are splashed with acid!
* * * LOW HITPOINT WARNING * * *
You hit the jelly but do no damage.
Your hands burn!
* * * LOW HITPOINT WARNING * * *
The jelly is heavily wounded.
The jelly hits you.
* * * LOW HITPOINT WARNING * * *
The acid corrodes you!
You are splashed with acid!
You die...

Skill      XL: |  1  2  3  4 |
---------------+-------------+-----
Armour         | 4 |  4.1
Shields        | 4 |  4.1
Fighting       | 4 |  4.1
Maces & Flails | 3 |  3.0

Action                   |  1- 3 |  4- 6 || total
-------------------------+-------+-------++-------
Melee: Flail             |   126 |    70 ||   196
  Use: Scroll            |     1 |       ||     1
Armor: Scale mail        |    48 |    38 ||    86
Dodge: Dodged            |    43 |    16 ||    59
Block: Kite shield       |    58 |    42 ||   100

Levels and vault maps discovered:
D:1:      onia_arrival_mini_maze, layout_basic, roderic_serpentine_path
D:2:      layout_loops_ring
D:3:      layout_loops_ring, jmf_multi_god_temple, nicolae_ru_path_of_blood
D:4:      layout_cave_pools, nicolae_qazlal_eye_of_the_storm,
          mainiacjoe_overflow_small_starburst, minmay_temple_entry_trees,
          ebering_ghost_gozag

Notes
Turn   | Place    | Note
-------+----------+-------------------------------------------
     0 | D:1      | infcreate the Gargoyle Fighter began the quest for the Orb.
     0 | D:1      | Reached XP level 1. HP: 14/14 MP: 1/1
   285 | D:1      | Reached XP level 2. HP: 19/19 MP: 2/2
  1095 | D:2      | Reached XP level 3. HP: 10/23 MP: 3/3
  2194 | D:3      | Found a sacrificial altar of Ru.
  2363 | D:3      | Reached XP level 4. HP: 26/29 MP: 4/4
  2388 | D:3      | Noticed a black bear
  2830 | D:3      | Found a radiant altar of Vehumet.
  2917 | D:3      | Found a hide-covered altar of Uskayaw.
  3106 | D:3      | Reached skill level 4 in Armour
  3106 | D:3      | Reached skill level 4 in Shields
  3165 | D:3      | Reached skill level 4 in Fighting
  3251 | D:4      | Found a runed translucent gate.
  3251 | D:4      | Found a runed translucent gate.
  3418 | D:4      | Reached skill level 3 in Maces & Flails
  3418 | D:4      | Reached XP level 5. HP: 17/33 MP: 5/5
  3605 | D:4      | Splashed by a jelly's acid

Vanquished Creatures
  An iguana (D:4)
  2 adders
  A worm (D:3)
  A dart slug (D:2)
  2 orcs (D:4)
  9 ball pythons
  2 bats (D:3)
  5 endoplasms
  2 giant cockroaches (D:1)
  7 goblins
  5 hobgoblins
  7 jackals
  3 quokkas
  2 frilled lizards
  5 kobolds
  4 rats
58 creatures vanquished.

Table legend: (Time is in decaauts)
 A = Elapsed time spent in this place.
 B = Non-inter-level travel time spent in this place.
 C = Inter-level travel time spent in this place.
 D = Time resting spent in this place.
 E = Time spent auto-exploring this place.
 F = Levels seen in this place.
 G = Mean time per level.
                   A        B        C        D        E       F      G
               +--------+--------+--------+--------+--------+-----+--------+
         Total |   3703 |   3569 |    134 |     13 |   2752 |   4 |  925.8 |
       Dungeon |   3703 |   3569 |    134 |     13 |   2752 |   4 |  925.8 |
               +--------+--------+--------+--------+--------+-----+--------+

Top non-repeatable levels by time:
     D:3: 1221 daAuts
     D:2: 1148 daAuts
     D:1: 948 daAuts
     D:4: 384 daAuts

Table legend:
 A = Non-vault XP
 B = Vault XP
 C = Vault XP percentage of total XP
 D = Non-vault monster count
 E = Vault monster count
 F = Vault count percentage of total count
                 A         B        C        D         E       F
            +---------+---------+-------+---------+---------+-------
      Total |     164 |       4 |   2.4 |      56 |       2 |   3.4
            +---------+---------+-------+---------+---------+-------
        D:1 |      20 |       0 |   0.0 |      11 |       0 |   0.0
        D:2 |      44 |       0 |   0.0 |      17 |       0 |   0.0
        D:3 |      52 |       4 |   7.1 |      23 |       2 |   8.0
        D:4 |      48 |       0 |   0.0 |       5 |       0 |   0.0
            +---------+---------+-------+---------+---------+-------
